[Event "EYCC Girls-U16 2019"]
[Site "Bratislava"]
[Date "2019.08.02"]
[Round "1.22"]
[White "Srdanovic, Jovana"]
[Black "Koksa, Jelena"]
[Result "1-0"]
[ECO "D20"]
[WhiteElo "1975"]
[BlackElo "1781"]
[Annotator "NA"]
[PlyCount "63"]
[EventDate "2019.08.02"]
[EventType "swiss"]
[EventCountry "SVK"]
[SourceTitle "playchess.com"]
[Source "ChessBase"]
[SourceQuality "1"]
[TimeControl "40/5400+30:1800+30"]

1. d4 d5 2. c4 dxc4 3. e3 a6 4. Bxc4 e6 5. Nf3 b5 6. Be2 Bb7 7. O-O Nf6 8. a4 b4 9. a5 c5 10. dxc5 Qxd1 11. Rxd1 Bxc5 12. Nbd2 Nc6 13. Nb3 Be7 14. Bd2 O-O 15. Rdc1 Nd7 16. Ne1 Rfd8 17. Nd3 Rac8 18. Be1 Bd6 19. Ra4 Nce5 20. Nxb4 Rxc1 21. Nxc1 Rc8 22. Ra1 Nc4 23. Bxc4 Rxc4 24. Nca2 Bc7 25. Nd3 Be4 26. b3 Rc2 27. Nab4 Re2 28. Kf1 Bxd3 29. Nxd3 Rc2 30. Nb4 Rb2 31. Nxa6 Be5 32. Rd1 1-0

[Event "EYCC Girls-U16 2019"]
[Site "Bratislava"]
[Date "2019.08.02"]
[Round "1.23"]
[White "Golsta, Ramona"]
[Black "Jarocka, Liwia"]
[Result "0-1"]
[ECO "A45"]
[WhiteElo "1836"]
[BlackElo "2102"]
[Annotator "NA"]
[PlyCount "50"]
[EventDate "2019.08.02"]
[EventType "swiss"]
[EventCountry "SVK"]
[SourceTitle "playchess.com"]
[Source "ChessBase"]
[SourceQuality "1"]
[TimeControl "40/5400+30:1800+30"]

1. d4 Nf6 2. Nc3 d5 3. Bf4 a6 4. e3 e6 5. Bd3 Bd6 6. Nf3 c5 7. O-O c4 8. Be2 b5 9. a3 Nc6 10. b3 O-O 11. Bg3 Bxg3 12. hxg3 Rb8 13. bxc4 bxc4 14. Re1 Qc7 15. Bf1 Bb7 16. Ne2 Ne4 17. Nd2 Nd6 18. Nf4 Ne7 19. Qg4 Bc8 20. Qg5 Rb2 21. Reb1 Rxc2 22. Nf3 Ne4 23. Qh4 Nf5 24. Qh2 Rxf2 25. Nh3 Rc2 0-1

[Event "EYCC Girls-U16 2019"]
[Site "Bratislava"]
[Date "2019.08.02"]
[Round "1.24"]
[White "Slaba, Andrea"]
[Black "Siekanska, Zuzanna"]
[Result "1/2-1/2"]
[ECO "D35"]
[WhiteElo "1993"]
[BlackElo "1570"]
[Annotator "NA"]
[PlyCount "87"]
[EventDate "2019.08.02"]
[EventType "swiss"]
[EventCountry "SVK"]
[SourceTitle "playchess.com"]
[Source "ChessBase"]
[SourceQuality "1"]
[TimeControl "40/5400+30:1800+30"]

1. d4 d5 2. c4 e6 3. Nc3 Nf6 4. cxd5 exd5 5. Bg5 Be7 6. e3 O-O 7. Bd3 Nbd7 8. Nge2 b6 9. O-O Bb7 10. Ng3 h6 11. Bxf6 Nxf6 12. Nf5 c5 13. Nxe7+ Qxe7 14. dxc5 bxc5 15. Rc1 Rfd8 16. Qe2 Qe5 17. b3 Rac8 18. Na4 Nd7 19. Rfe1 Qd6 20. Red1 Nb6 21. Nc3 Qc6 22. f3 Qe6 23. Re1 Re8 24. Qc2 Qf6 25. Bf5 Rc6 26. e4 d4 27. Nd5 Qd6 28. Qd2 Bc8 29. Bxc8 Rexc8 30. Nxb6 axb6 31. Qd3 Rb8 32. a4 Rc7 33. g3 Qd7 34. Red1 b5 35. b4 bxa4 36. bxc5 Rb3 37. Qxd4 Qxd4+ 38. Rxd4 a3 39. Ra4 Rxf3 40. Kg2 Rb3 41. Kh3 Rb5 42. Rxa3 Rbxc5 43. Rxc5 Rxc5 44. Kg4 1/2-1/2

[Event "EYCC Girls-U16 2019"]
[Site "Bratislava"]
[Date "2019.08.03"]
[Round "2.1"]
[White "Krasteva, Beloslava"]
[Black "Gombocz, Zsofia"]
[Result "1/2-1/2"]
[ECO "D35"]
[WhiteElo "2327"]
[BlackElo "1981"]
[Annotator "NA"]
[PlyCount "72"]
[EventDate "2019.08.02"]
[EventType "swiss"]
[EventCountry "SVK"]
[SourceTitle "playchess.com"]
[Source "ChessBase"]
[SourceQuality "1"]
[TimeControl "40/5400+30:1800+30"]

1. d4 d5 2. c4 e6 3. Nc3 Nf6 4. cxd5 exd5 5. Bg5 Be7 6. e3 c6 7. Bd3 h6 8. Bh4 O-O 9. Qc2 Re8 10. Nge2 Ne4 11. Bxe7 Qxe7 12. Bxe4 dxe4 13. Ng3 f5 14. d5 Na6 15. O-O Nb4 16. Qb3 Nxd5 17. Nxd5 cxd5 18. Qxd5+ Be6 19. Qa5 b6 20. Qa4 Qd7 21. Qb4 Rac8 22. b3 Rc2 23. Rad1 Qe7 24. Qa4 Rec8 25. Nh5 Qe8 26. Qxe8+ Rxe8 27. Ra1 Rec8 28. Nf4 Bf7 29. Rfe1 Rd8 30. Re2 Rdd2 31. Rxd2 Rxd2 32. Kf1 g5 33. Ke1 Rb2 34. Ne2 Kf8 35. g3 Ke7 36. Nd4 Kf6 1/2-1/2

[Event "EYCC Girls-U16 2019"]
[Site "Bratislava"]
[Date "2019.08.03"]
[Round "2.2"]
[White "Getman, Tatyana"]
[Black "Kvendseth, Thyra"]
[Result "1-0"]
[ECO "E90"]
[WhiteElo "2143"]
[BlackElo "1967"]
[Annotator "NA"]
[PlyCount "75"]
[EventDate "2019.08.02"]
[EventType "swiss"]
[EventCountry "SVK"]
[SourceTitle "playchess.com"]
[Source "ChessBase"]
[SourceQuality "1"]
[TimeControl "40/5400+30:1800+30"]

1. d4 Nf6 2. c4 g6 3. Nc3 Bg7 4. e4 d6 5. Nf3 O-O 6. h3 c6 7. Be2 Na6 8. Be3 e5 9. d5 Qc7 10. Nd2 Ne8 11. g4 f5 12. gxf5 gxf5 13. exf5 Bxf5 14. dxc6 bxc6 15. Nde4 Rb8 16. Qd2 Nb4 17. a3 d5 18. Bc5 dxe4 19. axb4 Rf7 20. Rxa7 Rb7 21. Rxb7 Qxb7 22. Qd8 Qd7 23. Qxd7 Rxd7 24. Bg4 Bxg4 25. hxg4 Rd3 26. Ke2 Nc7 27. Rd1 Ne6 28. Rxd3 Nf4+ 29. Ke3 exd3 30. b5 cxb5 31. cxb5 Bh6 32. Ke4 Kf7 33. b6 Ne6 34. Be3 Bxe3 35. Kxe3 Nc5 36. Ne4 Nb7 37. Kxd3 Ke7 38. Kc4 1-0

[Event "EYCC Girls-U16 2019"]
[Site "Bratislava"]
[Date "2019.08.03"]
[Round "2.3"]
[White "Laurincova, Kristyna"]
[Black "Waszczuk, Patrycja"]
[Result "0-1"]
[ECO "B90"]
[WhiteElo "2010"]
[BlackElo "2119"]
[Annotator "NA"]
[PlyCount "58"]
[EventDate "2019.08.02"]
[EventType "swiss"]
[EventCountry "SVK"]
[SourceTitle "playchess.com"]
[Source "ChessBase"]
[SourceQuality "1"]
[TimeControl "40/5400+30:1800+30"]

1. e4 c5 2. Nf3 d6 3. d4 cxd4 4. Nxd4 Nf6 5. Nc3 a6 6. h3 b5 7. g4 Bb7 8. Bg2 e6 9. g5 Nfd7 10. Qh5 g6 11. Qg4 Bg7 12. Be3 Ne5 13. Qg3 Nc4 14. O-O-O b4 15. Nce2 e5 16. Nb3 Qc7 17. Nd2 Nd7 18. Kb1 Rc8 19. Ba7 h6 20. Qb3 Na5 21. Qd3 Bc6 22. Qxa6 Ra8 23. Nc4 Nxc4 24. Qxc4 Rxa7 25. Qxb4 Nc5 26. Nc3 hxg5 27. Nb5 Bxb5 28. Qxb5+ Ke7 29. Rd5 Rb8 0-1

[Event "EYCC Girls-U16 2019"]
[Site "Bratislava"]
[Date "2019.08.03"]
[Round "2.4"]
[White "Eizaguerri Floris, Maria"]
[Black "Marcinczyk, Monika"]
[Result "0-1"]
[ECO "B82"]
[WhiteElo "2099"]
[BlackElo "1960"]
[Annotator "NA"]
[PlyCount "76"]
[EventDate "2019.08.02"]
[EventType "swiss"]
[EventCountry "SVK"]
[SourceTitle "playchess.com"]
[Source "ChessBase"]
[SourceQuality "1"]
[TimeControl "40/5400+30:1800+30"]

1. e4 c5 2. Nf3 e6 3. d4 cxd4 4. Nxd4 Nf6 5. Nc3 d6 6. f4 Nc6 7. Be3 Be7 8. Qf3 e5 9. Nxc6 bxc6 10. f5 d5 11. exd5 cxd5 12. O-O-O e4 13. Bb5+ Bd7 14. Qe2 Rb8 15. Bxa7 Rxb5 16. Nxb5 Qa5 17. Nc3 Qxa7 18. Nxd5 Bxf5 19. Nxf6+ Bxf6 20. Rhf1 Be6 21. Qb5+ Bd7 22. Qd5 e3 23. Rf4 O-O 24. Qxd7 Qxa2 25. c3 e2 26. Re1 Qa1+ 27. Kd2 Qxb2+ 28. Ke3 Bg5 29. Qd4 Re8+ 30. Kf3 Bxf4 31. Kxf4 Qb8+ 32. Kf3 Qxh2 33. Rxe2 Qh5+ 34. g4 Qh3+ 35. Kf4 g5+ 36. Kxg5 h6+ 37. Kf4 Rxe2 38. Qd8+ Kh7 0-1

[Event "EYCC Girls-U16 2019"]
[Site "Bratislava"]
[Date "2019.08.03"]
[Round "2.5"]
[White "Hryzlova, Sofiia"]
[Black "Loskutova, Viktoriya"]
[Result "1-0"]
[ECO "A00"]
[WhiteElo "1799"]
[BlackElo "2019"]
[Annotator "NA"]
[PlyCount "135"]
[EventDate "2019.08.02"]
[EventType "swiss"]
[EventCountry "SVK"]
[SourceTitle "playchess.com"]
[Source "ChessBase"]
[SourceQuality "1"]
[TimeControl "40/5400+30:1800+30"]

1. e3 d5 2. b3 Nf6 3. Bb2 Nbd7 4. f4 g6 5. Nf3 Bg7 6. d4 O-O 7. Bd3 c5 8. O-O cxd4 9. exd4 Qc7 10. Ne5 Nxe5 11. fxe5 Nd7 12. Nc3 Nb6 13. a4 Be6 14. a5 Nd7 15. Qf3 Nxe5 16. dxe5 Bxe5 17. Nd1 Bxh2+ 18. Kh1 Be5 19. Bxe5 Qxe5 20. Ra4 Rac8 21. Qf2 a6 22. Re1 Qg5 23. Qe3 Qh5+ 24. Kg1 Kg7 25. Qg3 d4 26. Nf2 Rfd8 27. Qe5+ Qxe5 28. Rxe5 Kf6 29. Re4 Rc5 30. Rh4 Kg7 31. Ne4 Re5 32. Nd2 Red5 33. Nf3 Bf5 34. Rhxd4 e5 35. Rxd5 Rxd5 36. Bxf5 gxf5 37. Rb4 Rxa5 38. Rxb7 h6 39. b4 Rd5 40. c4 Rd1+ 41. Kf2 e4 42. Ne1 f4 43. Rb6 e3+ 44. Kf1 h5 45. Rxa6 h4 46. Ra3 Kf6 47. Ke2 Rd2+ 48. Kf3 Ke5 49. Ra5+ Kd4 50. Kxf4 Rf2+ 51. Kg4 Kxc4 52. Kh3 f5 53. Rc5+ Kd4 54. Nf3+ Ke4 55. Rc4+ Kd3 56. Rd4+ Kc3 57. Rd5 f4 58. Re5 Kxb4 59. Re4+ Kc3 60. Rxf4 Kd3 61. Rf8 e2 62. Re8 Kc3 63. Nxh4 Kd2 64. Nf3+ Kd1 65. Kg3 Rf1 66. Re7 Rh1 67. Rd7+ Kc1 68. Kf2 1-0

[Event "EYCC Girls-U16 2019"]
[Site "Bratislava"]
[Date "2019.08.03"]
[Round "2.6"]
[White "Malicka, Maria"]
[Black "Adamczyk, Zuzanna"]
[Result "1-0"]
[ECO "B47"]
[WhiteElo "2115"]
[BlackElo "1900"]
[Annotator "NA"]
[PlyCount "89"]
[EventDate "2019.08.02"]
[EventType "swiss"]
[EventCountry "SVK"]
[SourceTitle "playchess.com"]
[Source "ChessBase"]
[SourceQuality "1"]
[TimeControl "40/5400+30:1800+30"]

1. e4 c5 2. Nf3 e6 3. d4 cxd4 4. Nxd4 Nc6 5. Nc3 Qc7 6. Be2 a6 7. O-O Nf6 8. Be3 Bb4 9. Nxc6 bxc6 10. Qd4 c5 11. Qc4 Bb7 12. a3 d5 13. exd5 exd5 14. Qb3 Bxc3 15. Qxc3 Rc8 16. Bg5 d4 17. Qe1 O-O 18. Bxf6 gxf6 19. Qd2 Qe5 20. Rfe1 Qg5 21. Qxg5+ fxg5 22. Bc4 Rfe8 23. f3 Kf8 24. Kf2 Rc7 25. Rxe8+ Kxe8 26. Re1+ Re7 27. b4 cxb4 28. axb4 f6 29. Rd1 Rd7 30. b5 a5 31. Ke2 Bd5 32. Bxd5 Rxd5 33. c4 Rd8 34. Kd3 Kd7 35. Ra1 Ke6 36. Rxa5 Ke5 37. b6+ Kf4 38. b7 Rb8 39. Rb5 h5 40. Kxd4 g4 41. fxg4 hxg4 42. c5 g3 43. hxg3+ Kxg3 44. c6 Ra8 45. Ke4 1-0

[Event "EYCC Girls-U16 2019"]
[Site "Bratislava"]
[Date "2019.08.03"]
[Round "2.7"]
[White "Dvorakova, Olga"]
[Black "Duran, Esma Doga"]
[Result "0-1"]
[ECO "D35"]
[WhiteElo "1763"]
[BlackElo "2096"]
[Annotator "NA"]
[PlyCount "82"]
[EventDate "2019.08.02"]
[EventType "swiss"]
[EventCountry "SVK"]
[SourceTitle "playchess.com"]
[Source "ChessBase"]
[SourceQuality "1"]
[TimeControl "40/5400+30:1800+30"]

1. d4 Nf6 2. c4 e6 3. Nc3 d5 4. cxd5 exd5 5. Bg5 Be7 6. e3 c6 7. Qc2 Nbd7 8. Bd3 O-O 9. Nf3 Re8 10. O-O Nf8 11. h3 g6 12. Rab1 a5 13. a3 Ne6 14. Bh4 Ng7 15. b4 axb4 16. axb4 Bf5 17. Rb3 Qc8 18. Ne5 Bxd3 19. Qxd3 Nf5 20. Bg5 Ne4 21. Bxe7 Rxe7 22. Rc1 Qe6 23. Ne2 f6 24. Nf3 g5 25. b5 h5 26. bxc6 bxc6 27. Rb6 Rc7 28. Qc2 Ne7 29. Ne1 Ra3 30. Nd3 Qf5 31. Rcb1 Nxf2 32. R1b3 Ra1+ 33. Nec1 Nxd3 34. Rxd3 Rxc1+ 35. Qxc1 Qxd3 36. Rb8+ Kg7 37. Ra8 Rb7 38. Ra3 Rb1 39. Rxd3 Rxc1+ 40. Kf2 Nf5 41. Rb3 Nd6 0-1

[Event "EYCC Girls-U16 2019"]
[Site "Bratislava"]
[Date "2019.08.03"]
[Round "2.8"]
[White "Ilyina, Lada"]
[Black "Diez, Ambre"]
[Result "1-0"]
[ECO "A49"]
[WhiteElo "2048"]
[BlackElo "1908"]
[Annotator "NA"]
[PlyCount "115"]
[EventDate "2019.08.02"]
[EventType "swiss"]
[EventCountry "SVK"]
[SourceTitle "playchess.com"]
[Source "ChessBase"]
[SourceQuality "1"]
[TimeControl "40/5400+30:1800+30"]

1. d4 Nf6 2. Nf3 g6 3. g3 Bg7 4. Bg2 d6 5. Nc3 O-O 6. e4 Nc6 7. O-O e5 8. d5 Ne7 9. Nd2 Nd7 10. Nc4 f5 11. f3 Nf6 12. Bd2 c6 13. dxc6 bxc6 14. Re1 Ba6 15. Bf1 Kh8 16. Kh1 h6 17. exf5 Bxc4 18. Bxc4 Nxf5 19. Bd3 Qd7 20. Bxf5 gxf5 21. Be3 Rg8 22. Qd2 Kh7 23. f4 e4 24. Rad1 Rad8 25. Bd4 Qf7 26. Qe2 Nh5 27. Qf2 Bxd4 28. Rxd4 Rg6 29. Red1 Re6 30. Qe3 Nf6 31. Ra4 Re7 32. h3 d5 33. Ne2 Qh5 34. Kg2 Rde8 35. Rxa7 c5 36. Rxe7+ Rxe7 37. c3 Rc7 38. Rd2 Qg6 39. a4 h5 40. a5 h4 41. a6 Qg8 42. Kh2 Nh5 43. Rd1 Rg7 44. Qxc5 Qb8 45. Qxd5 hxg3+ 46. Kg2 Nxf4+ 47. Nxf4 Qxf4 48. Rf1 Qe3 49. Qxf5+ Kg8 50. Qd5+ Kh7 51. Qd1 Qb6 52. Qh5+ Kg8 53. Qd5+ Kh7 54. Qxe4+ Kg8 55. Qc4+ Kh7 56. b4 Rc7 57. Qe4+ Kg8 58. Rf5 1-0

[Event "EYCC Girls-U16 2019"]
[Site "Bratislava"]
[Date "2019.08.03"]
[Round "2.9"]
[White "Kuhar, Larisa"]
[Black "Filippova, Margarita"]
[Result "1-0"]
[ECO "C42"]
[WhiteElo "1894"]
[BlackElo "2029"]
[Annotator "NA"]
[PlyCount "113"]
[EventDate "2019.08.02"]
[EventType "swiss"]
[EventCountry "SVK"]
[SourceTitle "playchess.com"]
[Source "ChessBase"]
[SourceQuality "1"]
[TimeControl "40/5400+30:1800+30"]

1. e4 e5 2. Nf3 Nf6 3. Nxe5 d6 4. Nf3 Nxe4 5. d4 d5 6. Bd3 Bd6 7. O-O O-O 8. c4 c6 9. Nc3 Nxc3 10. bxc3 h6 11. Re1 Nd7 12. cxd5 cxd5 13. Bc2 Nf6 14. Ne5 Qc7 15. Qf3 Qd8 16. Bf4 Re8 17. Qd3 Be6 18. Re3 Ne4 19. c4 f6 20. cxd5 Bf5 21. Qe2 fxe5 22. dxe5 g5 23. Bxe4 gxf4 24. Bxf5 fxe3 25. exd6 Qf6 26. Qg4+ Kh8 27. Rb1 e2 28. Be6 Rad8 29. Qxe2 Rxd6 30. Qc2 Rdxe6 31. dxe6 Qxe6 32. Qc3+ Kg8 33. Qb3 Qxb3 34. axb3 Rc8 35. g3 Rc3 36. Rb2 Kf7 37. b4 Ke6 38. b5 Kd6 39. Ra2 Rb3 40. Rxa7 Rxb5 41. Kg2 Ke5 42. f4+ Kf5 43. Kh3 Kg6 44. Ra2 Rh5+ 45. Kg4 Rb5 46. Rd2 Rb4 47. Rd6+ Kg7 48. Kh4 Rb2 49. h3 Rb4 50. Re6 Rb3 51. g4 Rb4 52. f5 Rb3 53. Rd6 b5 54. Rd7+ Kg8 55. Kh5 Rxh3+ 56. Kg6 Kf8 57. f6 1-0

[Event "EYCC Girls-U16 2019"]
[Site "Bratislava"]
[Date "2019.08.03"]
[Round "2.10"]
[White "Radikovic, Anamarija"]
[Black "Bardorz, Jana"]
[Result "1/2-1/2"]
[ECO "B08"]
[WhiteElo "2021"]
[BlackElo "1883"]
[Annotator "NA"]
[PlyCount "107"]
[EventDate "2019.08.02"]
[EventType "swiss"]
[EventCountry "SVK"]
[SourceTitle "playchess.com"]
[Source "ChessBase"]
[SourceQuality "1"]
[TimeControl "40/5400+30:1800+30"]

1. d4 Nf6 2. Nf3 g6 3. Nc3 Bg7 4. e4 d6 5. h3 O-O 6. Be3 e5 7. Bc4 exd4 8. Nxd4 Re8 9. Qf3 Nbd7 10. Bb3 Nc5 11. O-O-O Ncxe4 12. Nxe4 Rxe4 13. g4 d5 14. g5 Nh5 15. Nc6 Rxe3 16. Qxf7+ Kxf7 17. Nxd8+ Ke7 18. fxe3 Kxd8 19. Bxd5 Ke7 20. Rhf1 Be6 21. Bb3 Ng3 22. Rf3 Ne4 23. h4 Bxb3 24. axb3 Rf8 25. Rxf8 Bxf8 26. Rd4 Nd6 27. Ra4 a6 28. Kd2 Bg7 29. c3 Nf5 30. Re4+ Kd6 31. Rg4 Be5 32. e4 Ng7 33. Ke3 Nh5 34. Kf3 Kc5 35. Rg1 Kd6 36. Rd1+ Ke7 37. Rd5 Ke6 38. Rd8 a5 39. Rd5 b6 40. Rb5 Bd6 41. Rd5 Ng7 42. Rd1 Ke5 43. Ke3 Ke6 44. Rf1 Be5 45. Kd3 Ne8 46. Rh1 Bf4 47. Ke2 Ng7 48. Kf3 Bd6 49. Rd1 Ke5 50. Rd5+ Ke6 51. Kg4 Nh5 52. c4 c6 53. Rd1 Be5 54. Rd2 1/2-1/2

[Event "EYCC Girls-U16 2019"]
[Site "Bratislava"]
[Date "2019.08.03"]
[Round "2.11"]
[White "Muedder, Melanie"]
[Black "Afanasieva, Alexandra"]
[Result "1/2-1/2"]
[ECO "B18"]
[WhiteElo "1905"]
[BlackElo "2085"]
[Annotator "NA"]
[PlyCount "61"]
[EventDate "2019.08.02"]
[EventType "swiss"]
[EventCountry "SVK"]
[SourceTitle "playchess.com"]
[Source "ChessBase"]
[SourceQuality "1"]
[TimeControl "40/5400+30:1800+30"]

1. e4 c6 2. d4 d5 3. Nc3 dxe4 4. Nxe4 Bf5 5. Qf3 e6 6. c3 Nf6 7. Nxf6+ Qxf6 8. h4 h5 9. Bg5 Qg6 10. Qg3 Nd7 11. Qc7 f6 12. Be3 Bd3 13. Bxd3 Qxd3 14. Nh3 e5 15. Rd1 Qb5 16. a4 Qb6 17. Qxb6 axb6 18. dxe5 Nxe5 19. b3 Bc5 20. Bd4 Bxd4 21. Rxd4 Ke7 22. Ke2 c5 23. Re4 Kf7 24. Rd1 Rhd8 25. Rxd8 Rxd8 26. Nf4 g6 27. f3 Rd6 28. Re3 Rd8 29. Re4 Nc6 30. Re3 Ne5 31. Re4 1/2-1/2

[Event "EYCC Girls-U16 2019"]
[Site "Bratislava"]
[Date "2019.08.03"]
[Round "2.12"]
[White "Hercog, Nusa"]
[Black "Ozbek, Busra"]
[Result "1-0"]
[ECO "A40"]
[WhiteElo "2053"]
[BlackElo "1866"]
[Annotator "NA"]
[PlyCount "73"]
[EventDate "2019.08.02"]
[EventType "swiss"]
[EventCountry "SVK"]
[SourceTitle "playchess.com"]
[Source "ChessBase"]
[SourceQuality "1"]
[TimeControl "40/5400+30:1800+30"]

1. d4 g6 2. c4 Bg7 3. e4 Nc6 4. Ne2 e5 5. d5 Nd4 6. Nxd4 exd4 7. Bd3 c5 8. O-O d6 9. f4 Ne7 10. Re1 Qc7 11. Nd2 O-O 12. Qe2 f6 13. h3 Bd7 14. Nf3 Rae8 15. Bd2 Kh8 16. Qf2 Nc8 17. Qg3 Re7 18. Re2 a6 19. Rae1 b5 20. b3 bxc4 21. bxc4 Kg8 22. e5 fxe5 23. fxe5 dxe5 24. Nxe5 Bxe5 25. Rxe5 Ref7 26. Bh6 Ba4 27. Bxf8 Kxf8 28. Qg5 Ne7 29. Re6 Qd7 30. Qh6+ Kg8 31. Rxa6 Rf8 32. Rxa4 Nf5 33. Bxf5 Qxf5 34. Qd2 Rb8 35. Ra7 Rf8 36. Qh6 Qf2+ 37. Kh2 1-0

[Event "EYCC Girls-U16 2019"]
[Site "Bratislava"]
[Date "2019.08.03"]
[Round "2.13"]
[White "Sade, Defne"]
[Black "Juhasz, Judit"]
[Result "1-0"]
[ECO "B32"]
[WhiteElo "1897"]
[BlackElo "2050"]
[Annotator "NA"]
[PlyCount "65"]
[EventDate "2019.08.02"]
[EventType "swiss"]
[EventCountry "SVK"]
[SourceTitle "playchess.com"]
[Source "ChessBase"]
[SourceQuality "1"]
[TimeControl "40/5400+30:1800+30"]

1. e4 c5 2. Nf3 Nc6 3. d4 cxd4 4. Nxd4 Qb6 5. Nb3 Nf6 6. Nc3 e6 7. Be3 Qc7 8. Bd3 a6 9. f4 d6 10. a4 b6 11. O-O Be7 12. Qf3 Bb7 13. Rae1 Nb4 14. Qg3 g6 15. Bd4 Rg8 16. h3 Rc8 17. e5 Nh5 18. Qf2 Nxd3 19. cxd3 Qc6 20. Ne4 Qd5 21. Nbd2 Bh4 22. Qxh4 Qxd4+ 23. Kh1 Rc2 24. exd6 f6 25. f5 Rxd2 26. Nxf6+ Qxf6 27. Rxe6+ Kf7 28. Rxf6+ Nxf6 29. Qc4+ Kf8 30. d7 Bxg2+ 31. Kg1 Nxd7 32. fxg6+ Ke7 33. Re1+ 1-0

[Event "EYCC Girls-U16 2019"]
[Site "Bratislava"]
[Date "2019.08.03"]
[Round "2.14"]
[White "Dylag, Emilia"]
[Black "Simonova, Stela"]
[Result "1-0"]
[ECO "A40"]
[WhiteElo "2099"]
[BlackElo "1677"]
[Annotator "NA"]
[PlyCount "103"]
[EventDate "2019.08.02"]
[EventType "swiss"]
[EventCountry "SVK"]
[SourceTitle "playchess.com"]
[Source "ChessBase"]
[SourceQuality "1"]
[TimeControl "40/5400+30:1800+30"]

1. d4 e6 2. Nf3 f5 3. c4 Nf6 4. Nc3 Bb4 5. Qb3 Bxc3+ 6. Qxc3 O-O 7. e3 b6 8. Bd3 Bb7 9. b3 d6 10. Bb2 Nbd7 11. d5 Qe7 12. Nd4 exd5 13. Nxf5 Qf7 14. cxd5 Ne5 15. Bc2 Bxd5 16. O-O-O Be4 17. f4 Neg4 18. h3 Nf2 19. Bxe4 N2xe4 20. Qc2 Rfe8 21. g4 Rad8 22. Rhe1 Nc5 23. g5 Nh5 24. Bxg7 Qe6 25. Bb2 Qe4 26. Nh6+ Kf8 27. Qc3 Ke7 28. f5 Kd7 29. f6 Rf8 30. Qd4 Qg6 31. Qg4+ Kc6 32. Nf5 Kb7 33. Qf3+ Ka6 34. h4 Rde8 35. Qe2+ Kb7 36. Ne7 Qe4 37. Rd4 Ng3 38. Qf2 Qxe7 39. Qxg3 Qe6 40. Qf3+ Kb8 41. e4 Nd7 42. Rd2 Ne5 43. Bxe5 Qxe5 44. Kb1 Qe6 45. Qg3 Qf7 46. e5 dxe5 47. Rxe5 Rxe5 48. Qxe5 Re8 49. Qf5 Qh5 50. Qd7 Re1+ 51. Kb2 Rf1 52. Qc6 1-0

[Event "EYCC Girls-U16 2019"]
[Site "Bratislava"]
[Date "2019.08.03"]
[Round "2.15"]
[White "Pecorini, Angie"]
[Black "Srdanovic, Jovana"]
[Result "1/2-1/2"]
[ECO "D14"]
[WhiteElo "1781"]
[BlackElo "1975"]
[Annotator "NA"]
[PlyCount "113"]
[EventDate "2019.08.02"]
[EventType "swiss"]
[EventCountry "SVK"]
[SourceTitle "playchess.com"]
[Source "ChessBase"]
[SourceQuality "1"]
[TimeControl "40/5400+30:1800+30"]

1. d4 d5 2. c4 c6 3. cxd5 cxd5 4. Nc3 Nf6 5. Nf3 Nc6 6. Bf4 Bf5 7. Qb3 Na5 8. Qa4+ Bd7 9. Qd1 e6 10. e3 Bb4 11. Bd3 O-O 12. O-O Rc8 13. Ne2 Qb6 14. a3 Be7 15. Rb1 Bb5 16. Ne5 Bxd3 17. Qxd3 Qb3 18. Nc3 a6 19. Rfc1 Nh5 20. Bg3 Nxg3 21. hxg3 Bd6 22. Nf3 Nc4 23. Qe2 Rc7 24. Nd2 Nxd2 25. Qxd2 Rfc8 26. Kf1 b5 27. Qd3 Rc4 28. Qd1 Qxd1+ 29. Rxd1 Rb8 30. Ra1 Kf8 31. Rdc1 Rbc8 32. Rcb1 Ke7 33. Ke2 Bc7 34. Rc1 Bd8 35. g4 Ba5 36. Kd3 Bxc3 37. Rxc3 Kf6 38. f4 Rxc3+ 39. bxc3 Rc4 40. Rc1 Kg6 41. e4 Ra4 42. exd5 exd5 43. Kc2 Rxa3 44. Kb2 Ra4 45. Re1 Rc4 46. Re5 b4 47. Rxd5 bxc3+ 48. Kc2 Kf6 49. Rd6+ Ke7 50. Rxa6 Rxd4 51. g3 Rd2+ 52. Kxc3 Rg2 53. Kd4 Rxg3 54. Ra7+ Ke6 55. Ra6+ Kd7 56. Ra7+ Kd6 57. Ra6+ {[%emt 0:00:24] Ke5+} 1/2-1/2

[Event "EYCC Girls-U16 2019"]
[Site "Bratislava"]
[Date "2019.08.03"]
[Round "2.16"]
[White "Jarocka, Liwia"]
[Black "Vetshtein, Lior"]
[Result "1-0"]
[ECO "C03"]
[WhiteElo "2102"]
[BlackElo "1576"]
[Annotator "NA"]
[PlyCount "51"]
[EventDate "2019.08.02"]
[EventType "swiss"]
[EventCountry "SVK"]
[SourceTitle "playchess.com"]
[Source "ChessBase"]
[SourceQuality "1"]
[TimeControl "40/5400+30:1800+30"]

1. e4 e6 2. d4 d5 3. Nd2 h6 4. Ngf3 Nf6 5. e5 Nfd7 6. Bd3 c5 7. c3 Nc6 8. Qe2 Be7 9. h3 Qb6 10. dxc5 Nxc5 11. Bc2 Qc7 12. O-O Nd7 13. Re1 Nb6 14. Nb3 Bd7 15. Nbd4 O-O-O 16. a4 Kb8 17. Nb5 Qc8 18. b3 Na5 19. Bd2 f5 20. exf6 gxf6 21. Bf4+ e5 22. Bxe5+ fxe5 23. Qxe5+ Ka8 24. Nc7+ Kb8 25. Nxd5+ Ka8 26. Nxe7 1-0

[Event "EYCC Girls-U16 2019"]
[Site "Bratislava"]
[Date "2019.08.03"]
[Round "2.17"]
[White "Esadze, Tamari"]
[Black "Levitan, Ronit"]
[Result "1-0"]
[ECO "C80"]
[WhiteElo "1997"]
[BlackElo "2022"]
[Annotator "NA"]
[PlyCount "83"]
[EventDate "2019.08.02"]
[EventType "swiss"]
[EventCountry "SVK"]
[SourceTitle "playchess.com"]
[Source "ChessBase"]
[SourceQuality "1"]
[TimeControl "40/5400+30:1800+30"]

1. e4 e5 2. Nf3 Nc6 3. Bb5 a6 4. Ba4 Nf6 5. O-O Nxe4 6. Re1 Nc5 7. Bxc6 dxc6 8. d4 Ne6 9. Rxe5 Be7 10. Nc3 O-O 11. Re1 Re8 12. Be3 h6 13. Ne5 Nf8 14. Qh5 Be6 15. Rad1 Nd7 16. Ne4 Nxe5 17. dxe5 Qc8 18. h3 Bf5 19. Bd4 b6 20. Bc3 c5 21. Re3 Bg6 22. Qe2 Qe6 23. f4 b5 24. a3 b4 25. Bd2 Qb6 26. Rf1 Bxe4 27. Rxe4 c4+ 28. Kh1 c3 29. Be3 Qb7 30. Bc1 cxb2 31. Bxb2 bxa3 32. Ba1 Rab8 33. f5 a2 34. f6 Bxf6 35. Qg4 Be7 36. Qf5 Rf8 37. Rg4 Qb1 38. e6 f6 39. Rg1 g5 40. Qg6+ Kh8 41. Qxh6+ Kg8 42. Rxg5+ 1-0

[Event "EYCC Girls-U16 2019"]
[Site "Bratislava"]
[Date "2019.08.03"]
[Round "2.18"]
[White "Czarnecka, Lidia"]
[Black "Bulatova, Kamaliya"]
[Result "1-0"]
[ECO "B23"]
[WhiteElo "1731"]
[BlackElo "2157"]
[Annotator "NA"]
[PlyCount "95"]
[EventDate "2019.08.02"]
[EventType "swiss"]
[EventCountry "SVK"]
[SourceTitle "playchess.com"]
[Source "ChessBase"]
[SourceQuality "1"]
[TimeControl "40/5400+30:1800+30"]

1. e4 c5 2. Nc3 d6 3. f4 Nc6 4. Nf3 g6 5. d4 cxd4 6. Nxd4 Bg7 7. Be3 Bd7 8. Qd2 Nf6 9. Be2 a6 10. a4 Qa5 11. Rd1 Qb4 12. Bf3 Ng4 13. Bg1 Rc8 14. h3 Nxd4 15. Bxd4 Bxd4 16. Qxd4 Qxd4 17. Rxd4 Ne3 18. Kd2 Nc4+ 19. Kc1 e5 20. fxe5 dxe5 21. Rd3 Nb6 22. Rhd1 Be6 23. b3 Nd7 24. Kb2 Nc5 25. R3d2 O-O 26. b4 Nd7 27. Rxd7 Bxd7 28. Rxd7 Rc4 29. Kb3 Rfc8 30. Nd5 Kf8 31. c3 b5 32. axb5 axb5 33. g4 Rb8 34. g5 Rc6 35. Be2 h6 36. gxh6 g5 37. Bg4 Rxh6 38. Re7 Ra6 39. Rxe5 Rba8 40. Nc7 Ra3+ 41. Kc2 Ra2+ 42. Kd3 Rd8+ 43. Rd5 Rxd5+ 44. Nxd5 Ra6 45. Kd4 Rc6 46. Bd7 Rh6 47. Kc5 Rh4 48. Bf5 1-0